 Dungeon Crawl Stone Soup version 0.20-a0-709-gd40821f (webtiles) character file.

86633 nono the Spry (level 16, -2/104 HPs)
             Began as a Kobold Assassin on Feb 21, 2017.
             Was the Champion of Ieoh Jian.
             Slain by a harpy (9 damage)
             ... summoned by Kirke
             ... while paralysed by a sphinx
             ... on level 15 of the Dungeon.
             The game lasted 02:08:06 (18772 turns).

nono the Spry (Kobold Assassin)                    Turns: 18772, Time: 02:08:07

Health: -2/104     AC: 15    Str: 11    XL:     16   Next: 34%
Magic:  16/16      EV:  3    Int: 17    God:    Ieoh Jian [******]
Gold:   1011       SH:  0    Dex: 19    Spells: 8/15 levels left

rFire    . . .     SeeInvis .   T - +10 morningstar of Zeos Xei {flame, +Fly rElec Int-4 Stlth+}
rCold    + . .     Gourm    .   O - quicksilver dragon scales
rNeg     . . .     Faith    .   P - +0 buckler
rPois    .         Spirit   .   C - +1 helmet {Int+3}
rElec    +         Reflect  .   d - scarf {repulsion}
rCorr    .         Harm     .   p - +0 pair of gloves
MR       ++...                  (no boots)
Stlth    +++++.....             q - amulet of regeneration
Regen    0.7/turn               o - +3 ring of evasion
MPRegen  0.2/turn               Q - ring of protection from cold

@: paralysed, repel missiles
A: fangs 1, carnivore 3, clever 2, evolution 1
a: Serpent's Lash, Heaven On Earth, Renounce Religion, Evoke Flight


You were on level 15 of the Dungeon.
You worshipped Ieoh Jian.
Ieoh Jian was exalted by your worship.
You were full.

You visited 2 branches of the dungeon, and saw 21 of its levels.
You also visited: Labyrinth and Ossuary.

You collected 1287 gold pieces.
You spent 276 gold pieces at shops.

Inventory:

Hand Weapons
 b - a +2 dagger of venom
 u - a +5 blowgun
 T - the +10 morningstar of Zeos Xei (weapon) {flame, +Fly rElec Int-4 Stlth+}
   (You found it on level 8 of the Dungeon)

   It has been specially enchanted to burn those struck by it, causing extra
   injury to most foes and up to half again as much damage against particularly
   susceptible opponents.
   It affects your intelligence (-4).
   It insulates you from electricity.
   It lets you fly.
   It makes you more stealthy.
Missiles
 e - 58 poisoned needles
 f - a curare-tipped needle
 y - a throwing net (quivered)
 I - 8 needles of paralysis
 M - 3 needles of sleeping
Armour
 d - a scarf of repulsion (worn)
 p - a +0 pair of gloves (worn)
 C - a +1 helmet of intelligence (worn)
 O - quicksilver dragon scales (worn)
 P - a +0 buckler (worn)
 X - the +0 hat of the Tired Dances {rC+ Regen+}
   (You bought it in a shop on level 8 of the Dungeon)

   It protects you from cold.
   It increases your rate of regeneration.
Jewellery
 a - a +6 ring of intelligence
 o - a +3 ring of evasion (right hand)
 q - an amulet of regeneration (around neck)
 B - an uncursed ring of flight
 L - an uncursed ring of positive energy
 Q - a ring of protection from cold (left hand)
 S - an uncursed ring of fire
Wands
 D - a wand of digging (3/24)
 J - a wand of iceblast (8/15)
 N - a wand of lightning (2/15)
 Y - a wand of scattershot (0/9)
Scrolls
 c - a scroll of vulnerability
 h - 5 scrolls of magic mapping
 l - 5 scrolls of teleportation
 m - 6 scrolls of blinking
 n - 3 scrolls of enchant weapon
 r - 2 scrolls of amnesia
 z - 3 scrolls of enchant armour
 A - 5 scrolls of recharging
 E - 3 scrolls of remove curse
 V - a scroll of noise {unknown}
 W - 2 scrolls of immolation
 Z - 2 scrolls of fear
Potions
 i - 11 potions of curing
 j - 6 potions of heal wounds
 k - 6 potions of haste
 t - 2 potions of lignification
 v - 2 potions of might
 w - a potion of invisibility
 x - 7 potions of flight
 F - 2 potions of resistance
 G - 2 potions of mutation
 H - 3 potions of brilliance
 K - 3 potions of cancellation
 R - 3 potions of agility
 U - 2 potions of magic
Comestibles
 g - 14 meat rations
 s - 14 royal jellies


   Skills:
 + Level 13.0 Fighting
 - Level 10.1 Short Blades
 + Level 11.4 Maces & Flails
 - Level 7.0 Throwing
 - Level 7.0 Armour
 + Level 15.7 Dodging
 - Level 10.6 Stealth
 - Level 6.3 Shields
 - Level 3.8 Charms
 - Level 4.6 Air Magic


You had 8 spell levels left.
You knew the following spells:

 Your Spells              Type           Power        Failure   Level  Hunger
a - Mephitic Cloud        Conj/Pois/Air  #.......     80%         3    ####...
b - Swiftness             Chrm/Air       ##......     14%         2    ###....
c - Apportation           Tloc           #.....       52%         1    ##.....
d - Summon Butterflies    Summ           #.......     52%         1    ##.....


Dungeon Overview and Level Annotations

Branches:
Dungeon (15/15)            Temple (0/1) D:5            Lair (6/6) D:11
  Swamp (0/4) Lair:2        Snake (0/4) Lair:4        Slime (0/5) Lair:6
    Orc (0/2) D:9
 Vaults: D:13-14     Depths: D:15

Altars:
Ashenzari
Elyvilon
Fedhas
Hepliaklqana Ieoh Jian
Nemelex Xobeh
Okawaru
Qazlal
Ru
Sif Muna
Trog
Vehumet
Xom
Zin
The Shining One
Jiyva

Shops:
D:8 [   D:11 *

Annotations:
D:12 1 exclusion, Nessos
D:14 exclusions: yaktaur and 2 more exclusions
D:15 Kirke


Innate Abilities, Weirdness & Mutations

You are small and have problems with some larger weapons.
You are carnivorous and can eat meat at any time.
You have very sharp teeth.
Your mind is very acute. (Int +4)
You evolve.


Message History

The harpy claws you but does no damage. x2; The harpy barely misses you. x2
The sphinx hits you.
The sphinx hits you but does no damage. x2
Something hits you but does no damage.
The harpy claws you but does no damage. x2
The sphinx hits you!
* * * LOW HITPOINT WARNING * * *
The sphinx hits you but does no damage. x2
The harpy claws you but does no damage. x2; The harpy claws you.
* * * LOW HITPOINT WARNING * * *
The harpy claws you but does no damage.
You hear some strange, mumbled words.
Something tries to affect you, but you resist.
The sphinx mumbles some strange words.
Something smites you!
* * * LOW HITPOINT WARNING * * *
The harpy barely misses you. The harpy claws you.
* * * LOW HITPOINT WARNING * * *
The harpy claws you but does no damage. x2; The harpy claws you.
* * * LOW HITPOINT WARNING * * *
The harpy claws you but does no damage. x2; The harpy claws you!
You die...

#./.#..##..# #.......#
##......##..# #.......# .
............# #.......#..
............# #..........
.....#...#..# #..!.......
###..#..(#..###........(.
#..#)..#.††.††.†...###
#..#...#.....H{H...#
#..#.).#..###H@##.$#
.#...#..# #..# ..#
#...#..# #..# .# #...#..#
#..# .# #...#..# #..#
#...#..# #..# #...#..#
#..# #...# #..# #...#


You could see a sphinx and 2 harpies.

Vanquished Creatures
  Snorg (Lair:3)
  A fire dragon (Lair:6)
  A minotaur (Lab)
  Erica (Lair:2)
  Harold (Lair:2)
  8 hydras
  6 centaur warriors
  2 death knights (D:13)
  The ghost of nono the Nimble, a journeyman KoAs of Ieoh Jian (Lair:1)
  A tengu warrior (D:14)
  7 two-headed ogres
  2 death yaks (Lair:4)
  Nergalle (Lair:2)
  7 skeletal warriors
  A fire crab (Lair:6)
  An unseen horror (D:11)
  Pikel (D:7)
  A lindwurm (Lair:6)
  2 wizards (D:14)
  2 ugly things
  3 deep elf magi (D:13)
  2 manticores (D:14)
  3 cyclopes
  12 elephants
  A torpor snail (Lair:5)
  3 molten gargoyles (Lair:6)
  11 spiny frogs
  9 black mambas
  A gargoyle (D:14)
  11 komodo dragons
  3 kobold demonologists (D:13)
  3 rime drakes
  4 freezing wraiths (D:13)
  A centaur skeleton (D:14)
  An efreet (D:15)
  2 polar bears (Lair:6)
  A queen bee (Lair:4)
  7 trolls
  3 meliai (Lair:4)
  A hornet (D:9)
  12 blink frogs
  8 slime creatures
  14 dream sheep
  10 hippogriffs
  6 wyverns
  4 wraiths
  7 basilisks
  10 hogs
  32 yaks
  A human (D:7)
  5 hungry ghosts
  2 steam dragons (Lair:6)
  A naga (shapeshifter) (D:13)
  3 nagas (Lair:4)
  An acid dragon (D:11)
  14 water moccasins
  7 hell hounds
  13 porcupines
  A hornet zombie (D:14)
  7 orc warriors
  A swamp drake (D:9)
  A slave (D:7)
  2 ice beasts
  A phantom (D:10)
  2 necrophages
  6 sky beasts
  2 eyes of draining
  7 ogres
  15 wolves
  26 centaurs
  9 crocodiles
  17 bullfrogs
  3 big kobolds
  7 scorpions
  33 killer bees
  20 wights
  An electric eel (Lair:2)
  A howler monkey (D:8)
  5 lava snakes (Lair:6)
  7 crimson imps
  A quasit (D:14)
  3 centaur zombies
  8 hounds
  9 orc priests
  4 bullfrog skeletons
  Ijyb (D:2)
  A hell rat (Lair:4)
  Natasha (D:4)
  4 iguanas
  13 orc wizards
  9 worker ants
  7 gnolls
  10 adders
  3 shadow imps
  An ooze (D:1)
  2 adder zombies (Ossuary)
  2 adder skeletons
  2 worms
  4 dart slugs
  4 leopard geckos
  48 orcs
  A ball python (D:2)
  4 giant cockroaches
  13 goblins
  10 hobgoblins
  14 jackals
  19 kobolds
  6 quokkas
  9 bats
  A frilled lizard (D:3)
  A hobgoblin skeleton (Ossuary)
  A hobgoblin zombie (Ossuary)
  A jackal skeleton (D:6)
  A kobold zombie (Ossuary)
  A leopard gecko skeleton (D:6)
  2 orc skeletons (Ossuary)
  An orc zombie (Ossuary)
  A quokka zombie (D:8)
  11 rats
688 creatures vanquished.

Vanquished Creatures (others)
  2 orcs (D:9)
  A bush (Lair:2)
  13 fungi
  22 plants
38 creatures vanquished.

Grand Total: 726 creatures vanquished

Notes
Turn   | Place    | Note
-------+----------+-------------------------------------------
     0 | D:1      | nono the Kobold Assassin began the quest for the Orb.
     0 | D:1      | Reached XP level 1. HP: 12/12 MP: 1/1
    82 | D:1      | Reached skill level 2 in Dodging
   168 | D:1      | Reached XP level 2. HP: 17/17 MP: 2/2
   499 | D:1      | Reached skill level 3 in Dodging
   693 | D:1      | Reached XP level 3. HP: 15/21 MP: 3/3
  1341 | D:1      | Reached skill level 4 in Dodging
  1551 | D:2      | Found a glowing golden altar of the Shining One.
  1579 | D:2      | Reached XP level 4. HP: 26/26 MP: 4/4
  1736 | D:2      | Noticed Ijyb
  1760 | D:2      | Killed Ijyb
  1932 | D:2      | Reached XP level 5. HP: 26/30 MP: 5/5
  1999 | D:2      | Found a bloodstained altar of Trog.
  2319 | D:3      | Reached skill level 5 in Dodging
  2385 | D:3      | Found a stormy altar of Qazlal.
  2696 | D:3      | Reached XP level 6. HP: 29/35 MP: 6/6
  2886 | D:4      | Reached skill level 5 in Short Blades
  2964 | D:4      | Found a shimmering altar of Xom.
  2966 | D:4      | Found a snail-covered altar of Cheibriados.
  2966 | D:4      | Found a shattered altar of Ashenzari.
  2968 | D:4      | Found a sacrificial altar of Ru.
  2968 | D:4      | Found a shattered altar of Ashenzari.
  2968 | D:4      | Found a sacrificial altar of Ru.
  3235 | D:4      | Noticed Natasha
  3244 | D:4      | Killed Natasha
  3460 | D:4      | Found an ornate altar of the Ieoh Jian Council.
  3462 | D:4      | Found a sparkling altar of Nemelex Xobeh.
  3464 | D:4      | Became a worshipper of the Ieoh Jian Council
  3466 | D:4      | Found an iron altar of Okawaru.
  3474 | D:4      | Found a radiant altar of Vehumet.
  3574 | D:5      | Entered Level 5 of the Dungeon
  3606 | D:5      | Found an iron altar of Okawaru.
  3668 | D:5      | Reached skill level 6 in Dodging
  3833 | D:5      | Noticed a troll
  3838 | D:5      | Killed a troll
  3838 | D:5      | Reached skill level 7 in Dodging
  3838 | D:5      | Reached XP level 7. HP: 33/40 MP: 7/7
  4051 | D:5      | Reached XP level 8. HP: 44/44 MP: 8/8
  4092 | D:5      | Found a staircase to the Ecumenical Temple.
  4575 | D:6      | Reached skill level 8 in Dodging
  4609 | D:6      | Reached * piety under Ieoh Jian
  4610 | D:6      | Found a hazy altar of Hepliaklqana.
  4799 | D:6      | Reached skill level 9 in Dodging
  4816 | D:6      | Learned a level 3 spell: Mephitic Cloud
  4867 | D:6      | Reached XP level 9. HP: 28/48 MP: 9/9
  5097 | D:6      | Reached skill level 10 in Short Blades
  5179 | D:6      | Reached skill level 10 in Dodging
  5471 | D:7      | Found a sparkling altar of Nemelex Xobeh.
  5474 | D:7      | Reached ** piety under Ieoh Jian
  5535 | D:7      | Noticed Pikel
  5567 | D:7      | Killed Pikel
  5712 | D:7      | Found a blossoming altar of Fedhas.
  5713 | D:7      | Found a shattered altar of Ashenzari.
  5736 | D:7      | Reached XP level 10. HP: 63/63 MP: 10/10
  5931 | D:7      | Reached skill level 1 in Shields
  6306 | D:8      | Reached *** piety under Ieoh Jian
  6426 | D:8      | Got a brightly glowing whip
  6427 | D:8      | Identified the +10 whip "Luisy" {pain, Fragile MR+ Str+5 SInv} (You found it on level 8 of the Dungeon)
  6501 | D:8      | Found a sand-covered staircase.
  6510 | Ossuary  | Entered an ossuary
  6651 | Ossuary  | Reached skill level 5 in Shields
  6859 | D:8      | Found Dynoloqo's Armour Boutique.
  6862 | D:8      | Bought the cursed +0 hat of the Tired Dances {rC+ Regen+} for 150 gold pieces
  6916 | D:8      | Found a white marble altar of Elyvilon.
  7081 | D:8      | Identified the +10 morningstar of Zeos Xei {flame, +Fly rElec Int-4 Stlth+} (You found it on level 8 of the Dungeon)
  7234 | D:9      | Found a glowing silver altar of Zin.
  7252 | D:9      | Reached XP level 11. HP: 54/69 MP: 11/11
  7270 | D:9      | Gained mutation: Your mind is acute. (Int +2) [mutagenic meat]
  7271 | D:9      | Gained mutation: You evolve. [mutagenic meat]
  7272 | D:9      | Gained mutation: You occasionally shout uncontrollably at your foes. [mutagenic meat]
  7273 | D:9      | Gained mutation: You are weak. (Str -2) [mutagenic meat]
  7318 | D:9      | Reached **** piety under Ieoh Jian
  7318 | D:9      | Reached skill level 1 in Armour
  7408 | D:9      | Found a staircase to the Orcish Mines.
  7611 | D:9      | Reached skill level 1 in Maces & Flails
  7624 | D:9      | Gained mutation: You have very sharp teeth. [evolution]
  7704 | D:9      | Learned a level 2 spell: Swiftness
  8016 | D:10     | Entered Level 10 of the Dungeon
  8102 | D:10     | Noticed a two-headed ogre
  8127 | D:10     | Killed a two-headed ogre
  8356 | D:10     | Reached skill level 5 in Maces & Flails
  8650 | D:11     | Noticed a skeletal warrior
  8650 | D:11     | Noticed a skeletal warrior
  8650 | D:11     | Noticed a cyclops
  8651 | D:11     | Noticed a skeletal warrior
  8764 | D:11     | Noticed a two-headed ogre
  8791 | D:11     | Killed a two-headed ogre
  8977 | D:11     | Found a staircase to the Lair.
  8987 | Lair:1   | Entered Level 1 of the Lair of Beasts
  9024 | Lair:1   | Noticed nono's ghost (journeyman KoAs)
  9046 | Lair:1   | Killed nono's ghost
  9047 | Lair:1   | Reached ***** piety under Ieoh Jian
  9047 | Lair:1   | Reached XP level 12. HP: 47/75 MP: 12/12
  9131 | Lair:1   | Found a labyrinth entrance.
  9140 | Lab      | Entered a labyrinth
  9314 | Lab      | Noticed a minotaur
  9336 | Lab      | Killed a minotaur
  9386 | Lab      | Got a warped leather armour
  9397 | Lab      | Identified the +2 leather armour "Repum" {Dex+7} (You found it in a labyrinth)
  9405 | Lab      | Got an ichor-stained chain mail
  9411 | Lab      | Identified the cursed +1 chain mail "Enkatot" {rN++ Str-3 Dex+4} (You found it in a labyrinth)
  9765 | Lair:2   | Found a staircase to the Swamp.
  9820 | Lair:2   | Noticed Erica
  9856 | Lair:2   | Killed Erica
  9856 | Lair:2   | Reached skill level 11 in Dodging
  9860 | Lair:2   | Reached skill level 10 in Fighting
 10062 | Lair:2   | Reached skill level 12 in Dodging
 10245 | Lair:2   | Noticed Harold
 10258 | Lair:2   | Killed Harold
 10371 | Lair:2   | Lost mutation: You are weak. (Str -2) [evolution]
 10386 | Lair:2   | Noticed Nergalle
 10399 | Lair:2   | Killed Nergalle
 10605 | Lair:3   | Reached XP level 13. HP: 74/82 MP: 13/13
 10617 | Lair:3   | Noticed Snorg
 10640 | Lair:3   | Killed Snorg
 10695 | Lair:3   | Reached skill level 13 in Dodging
 10934 | Lair:3   | Reached skill level 1 in Charms
 10934 | Lair:3   | Reached skill level 1 in Air Magic
 11872 | Lair:4   | Reached skill level 5 in Armour
 12306 | Lair:4   | Found a staircase to the Snake Pit.
 12386 | Lair:4   | Reached ****** piety under Ieoh Jian
 12410 | Lair:4   | Reached XP level 14. HP: 88/88 MP: 14/14
 13158 | Lair:5   | Reached skill level 10 in Stealth
 13605 | Lair:6   | Entered Level 6 of the Lair of Beasts
 14120 | Lair:6   | Found a viscous altar of Jiyva.
 14121 | Lair:6   | Found a staircase to the Slime Pits.
 14155 | Lair:6   | Reached skill level 10 in Maces & Flails
 14308 | Lair:6   | Lost mutation: You occasionally shout uncontrollably at your foes. [evolution]
 14862 | Lair:6   | Reached XP level 15. HP: 56/95 MP: 15/15
 14863 | Lair:6   | Reached skill level 14 in Dodging
 15115 | Lair:6   | Upgraded the game from 0.20-a0-700-gbd4582c to 0.20-a0-709-gd40821f
 15130 | Lair:6   | Found a large runed door.
 15130 | Lair:6   | Found a large runed door.
 15990 | D:11     | Found Piazyafu's General Store.
 16013 | D:11     | Bought a scroll of teleportation for 42 gold pieces
 16013 | D:11     | Bought 2 potions of curing for 84 gold pieces
 16328 | D:12     | Noticed Nessos
 16460 | D:12     | Found a deep blue altar of Sif Muna.
 16523 | D:12     | Identified Sif Muna's Almanac of Transformation
 16727 | D:12     | Learned a level 1 spell: Apportation
 16729 | D:12     | Learned a level 1 spell: Summon Butterflies
 17134 | D:13     | Reached skill level 5 in Throwing
 17411 | D:13     | Reached skill level 15 in Dodging
 17715 | D:13     | Reached XP level 16. HP: 75/103 MP: 16/16
 18528 | D:14     | Gained mutation: Your mind is very acute. (Int +4) [evolution]
 18634 | D:15     | Entered Level 15 of the Dungeon
 18722 | D:15     | Noticed Kirke
 18762 | D:15     | Noticed a sphinx
 18767 | D:15     | Paralysed by a sphinx for 6 turns
 18772 | D:15     | Slain by a harpy

Vault maps used:
D:1:      dpeg_arrival_prison
D:2:      kennysheep_the_goblin_king, nicolae_overflow_crystal_walls,
          tso_oasis_becter, minivault_23
D:3:      first_bread, grunt_qazlal_clouds
D:4:      minitemple, doesnt_xom_only_xom, uniq_natasha
D:5:      minmay_temple_entry_from_below_a, basic_altar, grunt_tough_drop
D:6:      lemuel_crystal_altar, minmay_checkerbox
D:7:      nicolae_overflow_hidden_temple, grunt_livestock,
          nemelex_xobeh_ov_fountains_minmay, uniq_pikel
D:8:      elyvilon_altar_3, lightli_ossuary_entry_decrepit_ruins, serial_shops,
          kennysheep_mini
D:9:      overflow_temple_1_default, erik_orc_1
D:11:     minmay_lair_entry_lava, serial_shops, nicolae_shop_stone
D:12:     led_sif_book, uniq_nessos
D:14:     grunt_vaults_entry_fortified, nicolae_twisting_strands,
          nicolae_two_hexagons
D:15:     hangedman_depths_entry_try_elsewhere_first, lemuel_statue_altar,
          uniq_kirke
Lair:1:   lab_entry_generic
Lair:2:   swamp_mist_pool, uniq_nergalle, uniq_harold, uniq_erica
Lair:3:   fungi_pond_lemuel, uniq_snorg
Lair:4:   regret_index_wax_grids, guppyfry_snake_entry_garden, st_stairs_3
Lair:5:   nicolae_lair_grove_arrangements, hangedman_lair_generics_rect
Lair:6:   cheibrodos_lair_end_hotspot, slime_altar_1
Lab:      nicolae_lab_diamond, nicolae_lab_swirl, nicolae_lab_starburst,
          nicolae_lab_quarters, nicolae_lab_dead_end
Ossuary:  ossuary_due_cavern

Skill      XL: |  1  2  3  4  5  6  7  8  9 10 11 12 13 14 15 16 |
---------------+-------------------------------------------------+-----
Dodging        | 2 3 4 5 7 9 10 12 13 15 | 15.7
Short Blades   | 3 4 6 7 9 10 | 10.1
Fighting       | 7 8 10 11 12 13 | 13.0
Shields        | 6 |  6.3
Armour         | 2 6 7 |  7.0
Maces & Flails | 7 9 10 11 | 11.4
Charms         | 3 |  3.8
Air Magic      | 4 |  4.6
Stealth        | 10 | 10.6
Throwing       | 7 |  7.0

Action                   |  1- 3 |  4- 6 |  7- 9 | 10-12 | 13-15 | 16-18 || total
-------------------------+-------+-------+-------+-------+-------+-------++-------
Melee: Dagger            |   134 |   185 |   385 |   535 |     3 |       ||  1242
       Whip              |       |       |       |    75 |       |       ||    75
       Morningstar       |       |       |       |   258 |  1172 |   197 ||  1627
       Bite              |       |       |       |    48 |   118 |    28 ||   194
 Fire: Blowgun           |     1 |       |       |    19 |    14 |       ||    34
Invok: Serpent's Lash    |       |       |       |       |     3 |       ||     3
Evoke: Wand              |       |       |       |     1 |     3 |       ||     4
  Use: Scroll            |       |     2 |     5 |    13 |    13 |       ||    33
       Potion            |       |     2 |       |     3 |     4 |       ||     9
 Stab: Sleeping          |     6 |    16 |     3 |    18 |    23 |     2 ||    68
       Distracted        |       |       |       |     2 |     6 |       ||     8
       Confused          |       |       |       |     2 |       |       ||     2
  Eat: Chunk             |     2 |    15 |     3 |    37 |    24 |     3 ||    84
Armor: Robe              |    17 |    17 |       |       |       |       ||    34
       Quicksilver drago |       |     7 |    46 |    67 |   189 |    49 ||   358
       Leather armour    |       |       |       |     2 |     2 |       ||     4
Dodge: Dodged            |   120 |    94 |   169 |   398 |  1034 |   168 ||  1983
       Deflected         |       |       |       |       |    25 |     7 ||    32
Block: Buckler           |       |       |       |   169 |   355 |    51 ||   575
